 Dungeon Crawl Stone Soup version 0.19.5 (webtiles) character file.

2198 laoha123 the Basher (level 9, -3/83 HPs)
             Began as a Minotaur Berserker on Mar 11, 2017.
             Was an Elder of Trog.
             Slain by a spiny frog (14 damage)
             ... on level 1 of the Lair of Beasts on Mar 12, 2017.
             The game lasted 01:32:40 (9559 turns).

laoha123 the Basher (Minotaur Berserker)            Turns: 9559, Time: 01:32:40

Health: -3/83      AC: 12    Str: 21    XL:     9   Next: 12%
Magic:  8/8        EV: 10    Int:  4    God:    Trog [****..]
Gold:   95         SH:  2    Dex: 14    Spells: 0 memorised, 8 levels left

rFire  . . .     SeeInvis +     s - +1 morningstar
rCold  + . .     Gourm    .     h - +0 chain mail
rNeg   . . .     Faith    .     (no shield)
rPois  .         Spirit   .     (helmet restricted)
rElec  .         Reflect  +     (no cloak)
rCorr  .         Harm     .     (no gloves)
MR     .....                    C - +0 pair of boots {Stlth+}
Stlth  ..........               b - +2 amulet of reflection
                                G - ring of protection from cold
                                q - ring of see invisible

@: lethally poisoned (-3 -> -3)
A: retaliatory headbutt, horns 2
a: Berserk, Trog's Hand, Brothers in Arms, Burn Spellbooks, Renounce Religion


You were on level 1 of the Lair of Beasts.
You worshipped Trog.
Trog was greatly pleased with you.
You were not hungry.

You visited 2 branches of the dungeon, and saw 10 of its levels.

You collected 435 gold pieces.
You spent 340 gold pieces at shops.

Inventory:

Hand Weapons
 s - a +1 morningstar (weapon)
 v - a +0 shortbow
 E - a +0 mace of crushing
Missiles
 k - 10 tomahawks (quivered)
 w - 109 arrows
 D - 10 poisoned needles
Armour
 h - a +0 chain mail (worn)
 l - a +0 buckler
 u - a +0 troll leather armour
 C - a +0 pair of boots of stealth (worn)
Rods
 p - a -3 rod of clouds (14/14)
   (You found it on level 4 of the Dungeon)
Jewellery
 b - a +2 amulet of reflection (around neck)
 q - a ring of see invisible (left hand)
 G - a ring of protection from cold (right hand)
Wands
 j - a wand of lightning (0/15) {It's Mine}
 m - a wand of paralysis (11/24)
 y - a wand of random effects (6/48)
 A - a wand of iceblast (2/15)
Scrolls
 a - a scroll of teleportation
 i - 6 scrolls of remove curse
 r - 3 scrolls of amnesia
 z - a scroll of blinking
 H - a scroll of recharging
Potions
 e - a potion of berserk rage
 g - 2 potions of flight
 o - 2 potions of lignification
 t - 2 potions of brilliance {unknown}
 B - a potion of invisibility {unknown}
 I - 2 potions of might
 J - a potion of cancellation {unknown}
 K - a potion of mutation {unknown}
Comestibles
 c - 6 bread rations
 d - 3 meat rations
 f - 3 royal jellies
 n - a fruit
 x - a slice of pizza


   Skills:
 * Level 9.0 Fighting
 * Level 9.1 Maces & Flails
 + Level 7.4 Armour
 - Level 4.8 Dodging


You had 8 spell levels left.
You didn't know any spells.

Dungeon Overview and Level Annotations

Branches:
Dungeon (9/15)             Temple (0/1) D:7            Lair (1/6) D:9
    Orc: D:9-12

Altars:
Cheibriados
Dithmenos
Elyvilon
Gozag
Kikubaaqudgha
Makhleb
Nemelex Xobeh
Okawaru

Shops:
D:5 }   D:7 *   D:8 :

Annotations:
D:4 Menkaure


Innate Abilities, Weirdness & Mutations

You reflexively headbutt those who attack you in melee.
You have a pair of horns on your head.


Message History

You throw a tomahawk.
The tomahawk hits the spiny frog but does no damage.
The spiny frog is moderately wounded.
You feel sick.
Evoke which item? (* to show all) (? for menu, Esc to quit)
Zapping:
m - a wand of paralysis {zapped: 5} (will waste charges)
Press: ? - help, Shift-Dir - straight line, f/p - spiny frog
Aim: a spiny frog (moderately wounded, chance to defeat MR: 46%)
The spiny frog resists with some effort.
Evoking this partially-identified wand wasted a few charges.
You hit the spiny frog.
You headbutt the spiny frog, but do no damage.
The spiny frog is heavily wounded.
The spiny frog stings you.
You puncture the spiny frog!
The spiny frog is severely wounded.
You feel sick. The spiny frog stings you!!
* * * LOW HITPOINT WARNING * * *
The spiny frog stings you!
You die...

+... .
##...#.##
###.....#.#####
...............
.......(.......
...............
...............
..(....F......>
.......@.......
........##.#..#
###.....P .. .
...#...... ...
.. #....#.. ..
. .....#... .
.P....+....
..#....# ....


You could see a spiny frog.

Vanquished Creatures
  A troll (D:9)
  A sky beast (D:6)
  2 phantoms
  A black bear (D:5)
  2 ogres
  4 centaurs
  A bullfrog (D:8)
  3 scorpions
  A killer bee (D:9)
  4 howler monkeys (D:7)
  3 crimson imps
  3 hounds
  A quasit (D:6)
  2 bullfrog skeletons (D:5)
  2 orc wizards
  4 iguanas
  A worker ant (D:6)
  11 gnolls
  4 adders
  An ooze (D:6)
  An adder skeleton (D:4)
  2 worms
  3 dart slugs
  4 leopard geckos
  9 orcs
  A ball python (D:4)
  5 giant cockroaches
  9 goblins
  11 hobgoblins
  12 jackals
  2 quokkas
  12 bats
  4 frilled lizards
  12 kobolds
  2 rats
141 creatures vanquished.

Notes
Turn   | Place    | Note
-------+----------+-------------------------------------------
     0 | D:1      | laoha123 the Minotaur Berserker began the quest for the Orb.
     0 | D:1      | Reached XP level 1. HP: 19/19 MP: 0/0
   191 | D:1      | Reached XP level 2. HP: 27/27 MP: 1/1
   600 | D:1      | Reached XP level 3. HP: 32/33 MP: 2/2
   603 | D:1      | Reached ** piety under Trog
  1124 | D:2      | Reached XP level 4. HP: 33/40 MP: 3/3
  2970 | D:3      | Reached *** piety under Trog
  2970 | D:3      | Reached XP level 5. HP: 45/46 MP: 4/4
  3015 | D:3      | Found a faded altar of an unknown god.
  3971 | D:4      | Reached skill level 5 in Maces & Flails
  4506 | D:4      | Found a burning altar of Makhleb.
  4547 | D:4      | Noticed Menkaure
  4553 | D:4      | Noticed a phantom
  4584 | D:4      | Killed a phantom
  4584 | D:4      | Reached skill level 5 in Fighting
  4584 | D:4      | Reached XP level 6. HP: 51/56 MP: 5/5
  4758 | D:5      | Entered Level 5 of the Dungeon
  5041 | D:5      | Reached skill level 5 in Armour
  5359 | D:5      | Found Keraoferha's Gadget Boutique.
  5363 | D:5      | Bought a wand of iceblast (6/15) for 140 gold pieces
  5540 | D:5      | Reached XP level 7. HP: 43/61 MP: 6/6
  6055 | D:5      | Found an ancient bone altar of Kikubaaqudgha.
  6547 | D:6      | Found a snail-covered altar of Cheibriados.
  6981 | D:6      | Reached **** piety under Trog
  6981 | D:6      | Reached XP level 8. HP: 44/71 MP: 7/7
  7278 | D:6      | Found an iron altar of Okawaru.
  7304 | D:6      | Found a sparkling altar of Nemelex Xobeh.
  7450 | D:6      | Found a white marble altar of Elyvilon.
  8471 | D:7      | Found Doqasheh's Assorted Antiques.
  8480 | D:7      | Bought a scroll of teleportation for 87 gold pieces
  8480 | D:7      | Bought a yellow potion for 26 gold pieces
  8480 | D:7      | Bought a scroll of teleportation for 87 gold pieces
  8486 | D:7      | Found an iron altar of Okawaru.
  8616 | D:7      | Found a staircase to the Ecumenical Temple.
  8780 | D:8      | Found an opulent altar of Gozag.
  8843 | D:8      | Noticed a white ugly thing
  8848 | D:8      | Found Duhiwiedgh's Book Shop.
  8967 | D:8      | Found a shadowy altar of Dithmenos.
  9046 | D:9      | Noticed a troll
  9290 | D:9      | Killed a troll
  9290 | D:9      | Reached XP level 9. HP: 47/82 MP: 8/8
  9453 | D:9      | Found a staircase to the Lair.
  9551 | Lair:1   | Entered Level 1 of the Lair of Beasts
  9551 | Lair:1   | Noticed a spiny frog
  9559 | Lair:1   | Slain by a spiny frog

Skill      XL: |  1  2  3  4  5  6  7  8  9 |
---------------+----------------------------+-----
Armour         | 3 4 5 6 7 |  7.4
Maces & Flails | 4 5 7 9 |  9.1
Fighting       | 4 5 6 8 9 |  9.0
Dodging        | 3 4 |  4.8

Action                   |  1- 3 |  4- 6 |  7- 9 || total
-------------------------+-------+-------+-------++-------
Melee: Mace              |    73 |    49 |    26 ||   148
       Headbutt          |     8 |    28 |    28 ||    64
       Morningstar       |       |    65 |   129 ||   194
 Fire: Shortbow          |       |     3 |       ||     3
Throw: Tomahawk          |       |     5 |    10 ||    15
Invok: Berserk           |     2 |       |     2 ||     4
       Trog's Hand       |       |     1 |       ||     1
Evoke: Wand              |       |     1 |    15 ||    16
  Use: Scroll            |     1 |     8 |     7 ||    16
       Potion            |       |     3 |     3 ||     6
 Stab: Paralysed         |       |     1 |       ||     1
  Eat: Meat ration       |     1 |     2 |       ||     3
       Pizza             |       |     1 |     1 ||     2
       Chunk             |       |     2 |     3 ||     5
       Beef jerky        |       |       |     1 ||     1
       Bread ration      |       |       |     2 ||     2
Armor: Animal skin       |    19 |     9 |       ||    28
       Chain mail        |       |    37 |    92 ||   129
Dodge: Dodged            |    78 |    84 |    96 ||   258
Block: Other             |       |     2 |    12 ||    14
       Reflection        |       |       |     3 ||     3
